Map: Oxide LE

Players

黑羽快斗 (ButAlways)

  • Race: Protoss Protoss
  • League: Master

Has - Winner!

  • Race: Protoss Protoss

Event: DreamHack SC2 Masters 2021 Summer

VOD

Have the link to the VOD?

Description

Time

  • Played on: May 23, 2021, 7:08 a.m.
  • Length: 8:36

All games in this series

Show
View Real Time Build Order
Export as new Build Order

黑羽快斗 Protoss 

Build Orders: Blink Stalkers, Zealot Archon, Dark Templar Rush 

Get SALT Encoding   

  12  0:00  Probe  
  13  0:12  Probe  
  14  0:19  Pylon  
  14  0:24  Probe  
  15  0:37  Probe (Chrono Boost)  
  15  0:38  Gateway  
  16  0:48  Probe (Chrono Boost), Assimilator  
  17  0:52  Probe (Chrono Boost)  
  18  0:57  Assimilator  
  18  1:03  Probe (Chrono Boost)  
  19  1:14  Probe (Chrono Boost)  
  19  1:15  Pylon  
  20  1:19  Probe (Chrono Boost)  
  21  1:29  Probe, Cybernetics Core  
  22  1:33  Zealot  
  22  1:38  Pylon  
  24  1:42  Probe  
  25  1:54  Probe  
  26  2:04  Adept (Chrono Boost)  
  26  2:07  Probe  
  29  2:09  Stargate  
  28  2:19  Warp Gate  
  28  2:27  Twilight Council  
  30  2:32  Stalker  
  30  2:39  Probe  
  31  2:44  Pylon  
  31  2:54  Gateway  
  31  2:58  Pylon  
  31  3:02  Probe  
  31  3:03  Sentry  
  34  3:18  Dark Shrine  
  34  3:29  Nexus  
  34  3:39  Blink (Chrono Boost), Shield Battery  
  34  3:47  Probe (Chrono Boost)  
  33  3:59  Probe (Chrono Boost)  
  33  4:00  Gateway  
  34  4:04  Probe (Chrono Boost)  
  35  4:12  Stalker  
  35  4:13  Probe  
  38  4:25  Probe  
  38  4:30  Dark Templar  
  41  4:38  Probe, Dark Templar  
  42  4:42  Probe  
  45  4:50  Probe  
  45  4:52  Gateway  
  46  4:54  Probe  
  47  5:02  Probe  
  47  5:05  Stalker x2  
  47  5:07  Probe  
  51  5:14  Forge  
  51  5:15  Probe  
  51  5:19  Probe  
  53  5:24  Pylon  
  53  5:25  Stalker  
  53  5:27  Probe  
  56  5:34  Robotics Facility  
  57  5:40  Stalker x2  
  53  5:45  Probe  
  53  5:47  Probe (Chrono Boost)  
  45  5:57  Probe (Chrono Boost)  
  45  5:59  Probe (Chrono Boost)  
  45  6:02  Protoss Ground Weapons Level 1  
  47  6:07  Probe (Chrono Boost)  
  47  6:08  Probe (Chrono Boost)  
  49  6:12  Probe (Chrono Boost)  
  49  6:14  Probe  
  49  6:18  Stalker  
  53  6:26  Probe (Chrono Boost)  
  53  6:27  Probe (Chrono Boost)  
  54  6:38  Probe (Chrono Boost), Assimilator  
  57  6:40  Assimilator  
  57  6:42  Probe  
  57  6:45  Sentry  
  57  6:46  Sentry  
  62  6:47  Probe  
  61  6:58  Gateway  
  61  6:59  Probe, Pylon  
  61  7:00  Gateway  
  63  7:02  Observer (Chrono Boost)  
  63  7:06  Stalker  
  65  7:13  Gateway  
  65  7:15  Gateway  
  65  7:16  Stalker  
  67  7:23  Warp Prism (Chrono Boost)  
  68  7:30  Stalker  
  70  7:37  Stalker  
  70  7:40  Dark Templar  
  70  7:43  Pylon  
  74  7:46  Archon  
  74  7:56  Dark Templar  
  68  8:02  Stalker  
Show
View Real Time Build Order
Export as new Build Order

Has Protoss - Winner!

Build Orders: Phoenix Opening 

Get SALT Encoding   

  12  0:00  Probe  
  13  0:12  Probe  
  14  0:19  Pylon  
  14  0:24  Probe (Chrono Boost)  
  15  0:38  Probe (Chrono Boost), Gateway  
  16  0:45  Probe (Chrono Boost)  
  16  0:46  Assimilator  
  17  0:52  Probe (Chrono Boost)  
  18  0:58  Assimilator  
  18  1:04  Probe (Chrono Boost)  
  19  1:13  Probe (Chrono Boost)  
  20  1:18  Probe  
  20  1:25  Cybernetics Core  
  21  1:28  Pylon  
  21  1:30  Probe  
  22  1:45  Probe  
  22  1:46  Zealot (Chrono Boost)  
  25  1:57  Probe  
  25  1:59  Pylon  
  26  2:04  Warp Gate  
  26  2:09  Probe  
  26  2:10  Adept (Chrono Boost)  
  29  2:20  Stargate  
  29  2:21  Probe  
  30  2:27  Cybernetics Core  
  29  2:46  Nexus  
  29  2:51  Pylon  
  29  3:00  Gateway  
  30  3:06  Phoenix (Chrono Boost)  
  30  3:12  Shield Battery  
  31  3:13  Probe  
  32  3:23  Phoenix (Chrono Boost)  
  32  3:25  Probe  
  35  3:37  Probe  
  34  3:49  Probe (Chrono Boost)  
  34  3:51  Robotics Facility  
  34  3:52  Phoenix  
  37  3:58  Probe (Chrono Boost)  
  39  4:07  Probe (Chrono Boost)  
  39  4:09  Probe (Chrono Boost)  
  40  4:13  Probe (Chrono Boost)  
  40  4:14  Probe (Chrono Boost)  
  42  4:22  Gateway  
  42  4:24  Gateway  
  42  4:25  Probe  
  42  4:26  Probe  
  42  4:30  Shield Battery  
  44  4:32  Oracle  
  48  4:39  Pylon  
  48  4:41  Observer (Chrono Boost)  
  48  4:44  Probe x2  
  50  4:54  Immortal (Chrono Boost)  
  50  4:57  Probe  
  50  4:58  Probe, Pylon  
  56  5:06  Assimilator  
  56  5:09  Probe  
  56  5:11  Twilight Council  
  57  5:15  Probe, Forge  
  57  5:17  Assimilator  
  58  5:21  Probe  
  58  5:27  Probe  
  60  5:33  Immortal (Chrono Boost)  
  64  5:40  Probe  
  65  5:47  Blink (Chrono Boost)  
  65  5:52  Probe  
  63  6:04  Gateway  
  63  6:05  Gateway  
  63  6:07  Protoss Ground Weapons Level 1 (Chrono Boost), Pylon, Gateway  
  63  6:08  Immortal (Chrono Boost)  
  67  6:30  Stalker x4  
  75  6:32  Photon Cannon  
  75  6:34  Photon Cannon  
  75  6:36  Pylon  
  76  6:40  Warp Prism (Chrono Boost)  
  77  6:53  Stalker  
  77  6:54  Stalker  
  81  6:55  Stalker  
  81  7:00  Pylon  
  83  7:14  Stalker  
  85  7:18  Pylon  
  83  7:26  Stalker x5  
  91  7:32  Probe  
  91  7:35  Pylon  
  92  7:53  Stalker x5  
  92  7:56  Observer  
Tags
 
Add a new tag
Caveats
  • Supply blocks, unpowered buildings, or Contaminate may cause inaccurate times.
  • Supply counts are checked every 10 seconds.